 Dungeon Crawl Stone Soup version 0.31-a0-182-gc5ef74bbde (webtiles) character file.

Game seed: 14744930657734406173

162 qw the Chopper (level 5, -2/32 HPs)
             Began as a Gargoyle Fighter on June 21, 2023.
             Slain by Grinder (3 damage)
             ... on level 3 of the Dungeon.
             The game lasted 00:00:48 (1837 turns).

qw the Chopper (Gargoyle Fighter)                   Turns: 1837, Time: 00:00:49

Health: -2/32      AC: 14    Str: 22    XL:     5   Next: 43%
Magic:  5/5        EV:  8    Int:  8    God:
Gold:   98         SH:  4    Dex:  9    Spells: 4/4 levels left

rFire   . . .        Y - +0 war axe
rCold   . . .        c - +0 buckler
rNeg    + . .        g - +0 chain mail
rPois   inf          m - +0 helmet
rElec   +            (no cloak)
rCorr   .            (no gloves)
SInv    .            (no boots)
Will    .....        j - amulet of the acrobat Stlth
                     (no ring)
HPRegen 0.25/turn    (no ring)
MPRegen 0.09/turn

%: acrobat
@: no status effects
A: sickness immunity, AC +4, negative energy resistance 1, electricity
resistance, torment resistance 1, petrification resistance
a: no special abilities


You were on level 3 of the Dungeon.
You visited 1 branch of the dungeon, and saw 3 of its levels.

You collected 98 gold pieces.


Innate Abilities, Weirdness & Mutations

You are immune to sickness and miasma.
Your stone body is resilient. (AC +4)
You are immune to poison.
You resist negative energy. (rN+)
You are resistant to electric shocks. (rElec)
You are resistant to unholy torment.
You are immune to petrification.


   Skills:
 + Level 3.3 Fighting
 - Level 5.0 Axes
 - Level 3.2 Armour
 - Level 3.2 Shields


You had 4 spell levels left.
You didn't know any spells.
Your spell library was empty.

Inventory:

Hand Weapons
 l - a +0 club
 Y - a +0 war axe (weapon)
Armour
 c - a +0 buckler (worn)
 g - a +0 chain mail (worn)
 m - a +0 helmet (worn)
Jewellery
 f - a ring of willpower
 j - an amulet of the acrobat (around neck)
Scrolls
 a - a scroll of identify {unknown}
 b - a scroll of vulnerability {unknown}
Potions
 d - a potion of might
 e - a potion of curing
 h - a potion of ambrosia {unknown}
 i - 3 potions of lignification

Dungeon Overview and Level Annotations

Branches:
Dungeon (3/15)

Altars:
Cheibriados

Annotations:
D:3 Grinder


Message History

You suddenly lose the ability to move!
You can move again.
You closely miss Grinder. Grinder closely misses you.
You closely miss Grinder. Grinder hits you but does no damage.
You barely miss Grinder. Grinder hits you but does no damage.
You closely miss Grinder. Grinder hits you.
You writhe in agony.
Grinder hits you but does no damage.
You barely miss Grinder. Grinder hits you!
You writhe in agony.
You slash Grinder!
Grinder is moderately wounded.
Grinder completely misses you.
You slash Grinder!
Grinder is heavily wounded.
You block Grinder's attack. Grinder hits you but does no damage.
You closely miss Grinder.
Grinder is heavily wounded.
Grinder gestures at you.
You barely resist. You barely miss Grinder.
Grinder is heavily wounded.
Grinder hits you!
You writhe in agony.
You closely miss Grinder.
Grinder is heavily wounded.
Grinder gestures at you. Pain shoots through your body! Grinder hits you.
You writhe in agony.
You closely miss Grinder.
Grinder is heavily wounded.
Grinder hits you but does no damage.
You closely miss Grinder.
Grinder is heavily wounded.
Grinder gestures at you.
You barely resist. You barely miss Grinder.
Grinder is heavily wounded.
Grinder hits you.
You writhe in agony.
You die...

.##. ..........# .. ....
#.........# #.#
#..###.........#
....#..... ..##._.#
..#.##>..###.##...#
.......#...#.##..#
#.........[.....##### #
.............##.)...#.#
.......@5....##..##...##
#..(....................
##..........#..#.###.###
##...#.!......#.# #.#
#####.###......###.# #
#.. ##.........### ##.
#..##.......# .
....#........
#.............


You could see Grinder.

Vanquished Creatures
  Natasha (thrice) (D:3)
  Terence (D:2)
  2 adders
  2 adder skeletons (D:3)
  A dart slug (D:3)
  4 ball pythons
  4 bats
  5 endoplasms
  2 giant cockroaches (D:1)
  2 goblins (D:2)
  3 hobgoblins
  3 kobolds
  2 quokkas (D:1)
  2 frilled lizards
  3 rats
39 creatures vanquished.

Notes
Turn   | Place    | Note
-------+----------+-------------------------------------------
     0 | D:1      | qw the Gargoyle Fighter began the quest for the Orb.
     0 | D:1      | Reached XP level 1. HP: 14/14 MP: 1/1
     0 | D:1      | 0 ||| qw: Version: 0.3-a-9-g12657ce
     0 | D:1      | 0 ||| qw: Game counter: 1605
     0 | D:1      | 0 ||| qw: Always use a shield: true
     0 | D:1      | 0 ||| qw: God list: Okawaru
     0 | D:1      | 0 ||| qw: Allow faded altars: false
     0 | D:1      | 0 ||| qw: Do Orc after D:15 true
     0 | D:1      | 0 ||| qw: Do second Lair branch before Depths: true
     0 | D:1      | 0 ||| qw: Lair rune preference: random
     0 | D:1      | 0 ||| qw: Plans: Normal, Zot:1-4, Slime:5, God:TSO, Crypt,
                  | Tomb, Abyss, Pan, Hells, Win
     0 | D:1      | 0 ||| PLANNING D:1-11
    68 | D:1      | Reached skill level 2 in Axes
   161 | D:1      | Reached XP level 2. HP: 19/19 MP: 2/2
   801 | D:1      | 801 ||| UPGRADING to +0 chain mail.
   811 | D:1      | 811 ||| DROPPING +0 scale mail.
   812 | D:1      | 812 ||| READING scroll labelled EPEOTO CIMO.
   813 | D:1      | 813 ||| DRINKING 3 bubbling orange potions.
  1006 | D:2      | Reached skill level 3 in Axes
  1164 | D:2      | Reached XP level 3. HP: 23/23 MP: 3/3
  1439 | D:2      | Noticed Terence
  1447 | D:2      | Killed Terence
  1448 | D:2      | Reached XP level 4. HP: 24/28 MP: 4/4
  1519 | D:2      | 1519 ||| DROPPING orb of energy.
  1520 | D:2      | 1520 ||| UPGRADING to +0 helmet.
  1525 | D:2      | 1525 ||| UPGRADING to amulet of the acrobat.
  1530 | D:2      | 1530 ||| READING 2 scrolls labelled LISUMI XO NENI.
  1531 | D:2      | 1531 ||| READING scroll labelled YGIMAM RIMYHON.
  1532 | D:2      | 1532 ||| DRINKING 2 dark potions.
  1533 | D:2      | 1533 ||| DROPPING scroll of amnesia.
  1621 | D:3      | 1621 ||| Stepping ~*~*~tactically~*~*~ (stealth).
  1628 | D:3      | Reached skill level 4 in Axes
  1638 | D:3      | Noticed Natasha
  1646 | D:3      | Killed Natasha
  1691 | D:3      | Noticed Natasha
  1698 | D:3      | Killed Natasha
  1699 | D:3      | Reached XP level 5. HP: 16/32 MP: 5/5
  1707 | D:3      | Noticed Natasha
  1708 | D:3      | 1708 ||| Stepping ~*~*~tactically~*~*~ (hiding).
  1718 | D:3      | Killed Natasha
  1719 | D:3      | Reached skill level 5 in Axes
  1808 | D:3      | Found a snail-covered altar of Cheibriados.
  1814 | D:3      | Noticed Grinder
  1822 | D:3      | Paralysed by Grinder for 3 turns
  1833 | D:3      | HP: 8/32 [Grinder (2)]
  1834 | D:3      | HP: 3/32 [Grinder (2)]
  1837 | D:3      | HP: 1/32 [Grinder (3)]
  1837 | D:3      | Slain by Grinder

Levels and vault maps discovered:
D:1:      onia_arrival_mini_maze, layout_loops_ring
D:2:      layout_loops_cross, uniq_terence
D:3:      cheibrodos_helix_gallery, layout_rooms,
          mainiacjoe_overflow_six_doors_small, lemuel_doored_altar,
          cheibriados_altar_1, serial_undead, serial_undead_d, serial_undead_b,
          serial_undead_b, serial_undead_d, uniq_natasha, uniq_grinder

Skill      XL: |  1  2  3  4  5 |
---------------+----------------+-----
Axes           | 2 3 4 5 |  5.0
Fighting       | |  3.3
Armour         | |  3.2
Shields        | |  3.2

Action                     |  1- 3 |  4- 6 || total
---------------------------+-------+-------++-------
  Melee: War axe           |    76 |    47 ||   123
  Throw: Boomerang         |    10 |     4 ||    14
    Use: Scroll            |     1 |     2 ||     3
         Potion            |     1 |     1 ||     2
 Armour: Scale mail        |    28 |       ||    28
         Chain mail        |     8 |    30 ||    38
  Dodge: Dodged            |    30 |    16 ||    46
  Block: Buckler           |    14 |     7 ||    21

Table legend:
 A = Non-vault XP
 B = Vault XP
 C = Vault XP percentage of total XP
 D = Non-vault monster count
 E = Vault monster count
 F = Vault count percentage of total count
                 A         B        C        D         E       F
            +---------+---------+-------+---------+---------+-------
      Total |     149 |      83 |  35.8 |      34 |       5 |  12.8
            +---------+---------+-------+---------+---------+-------
        D:1 |      23 |       1 |   4.2 |      13 |       1 |   7.1
        D:2 |      27 |      36 |  57.1 |      10 |       1 |   9.1
        D:3 |      99 |      46 |  31.7 |      11 |       3 |  21.4
            +---------+---------+-------+---------+---------+-------
